 Dungeon Crawl Stone Soup version 0.20.1 (console) character file.

242 bli the Skirmisher (level 5, -7/43 HPs)
             Began as a Demonspawn Monk on July 2, 2017.
             Was a Priest of Okawaru.
             Mangled by an ogre
             ... wielding a +0 giant spiked club
              (24 damage)
             ... on level 4 of the Dungeon.
             The game lasted 00:09:51 (2102 turns).

bli the Skirmisher (Demonspawn Monk)                Turns: 2102, Time: 00:09:51

Health: -7/43      AC:  3    Str: 16    XL:     5   Next: 81%
Magic:  5/5        EV: 14    Int: 12    God:    Okawaru [***...]
Gold:   132        SH:  0    Dex: 20    Spells: 4/4 levels left

rFire    . . .     SeeInvis .   b - +0 hand axe (elec)
rCold    + . .     Gourm    .   (no shield)
rNeg     . . .     Faith    .   D - +0 robe
rPois    .         Spirit   .   (no helmet)
rElec    .         Reflect  .   (no cloak)
rCorr    .         Harm     .   k - +0 pair of gloves
MR       .....                  (no boots)
Stlth    ++........             (no amulet)
Regen    0.2/turn               x - +4 ring of dexterity
MPRegen  0.1/turn               p - +5 ring of strength

@: no status effects
A: claws 1, cold resistance 1, rot immunity, freezing cloud immunity
a: Heroism, Renounce Religion


You were on level 4 of the Dungeon.
You worshipped Okawaru.
Okawaru was most pleased with you.
You were not hungry.

You visited 1 branch of the dungeon, and saw 4 of its levels.

You collected 132 gold pieces.

Inventory:

Hand Weapons
 a - a +1 hand axe of chopping
 b - a +0 hand axe of electrocution (weapon)
Armour
 f - a +0 leather armour
 k - a +0 pair of gloves (worn)
 o - a +0 leather armour
 q - a +0 buckler
 C - a +0 leather armour
 D - a +0 robe (worn)
 E - a +0 leather armour
Jewellery
 j - an uncursed ring of positive energy
 p - a +5 ring of strength (right hand)
 x - a +4 ring of dexterity (left hand)
Wands
 w - a wand of confusion (14/48)
Scrolls
 d - 3 scrolls of teleportation {unknown}
 e - 7 scrolls of identify {unknown}
 n - a scroll of enchant weapon {unknown}
 t - 3 scrolls of immolation {unknown}
 u - a scroll of enchant armour {unknown}
 v - a scroll of fog {unknown}
 y - 2 scrolls of remove curse {unknown}
 B - a scroll of magic mapping {unknown}
Potions
 h - a potion of curing {unknown}
 i - a potion of heal wounds {unknown}
 l - 2 potions of agility {unknown}
 m - a potion of flight {unknown}
 r - a potion of degeneration {unknown}
 z - a potion of haste {unknown}
 A - 2 potions of cancellation {unknown}
Comestibles
 c - 3 bread rations
 g - 2 meat rations
 s - 4 fruits


   Skills:
 * Level 4.4 Fighting
 + Level 4.2 Axes
 + Level 3.8 Dodging
 - Level 2.0 Stealth


You had 4 spell levels left.
You didn't know any spells.

Dungeon Overview and Level Annotations

Branches:
Dungeon (4/15)
 Temple: D:4-7

Altars:
Okawaru


Innate Abilities, Weirdness & Mutations

You have sharp fingernails.
Your flesh is cold resistant. (rC+)
You are immune to rotting.
You are immune to freezing clouds.


Message History

Okawaru accepts your kill.
Things that are here:
a dagger; a robe An ogre comes into view.
It is wielding a giant spiked club.
The ogre shouts!
You hear an angry hiss.
The ogre misses you.
You hit the ogre.
The ogre is lightly wounded.
The ogre misses you.
You hit the ogre.
The ogre is lightly wounded.
The ogre hits you with a giant spiked club!!
Ouch! That really hurt!
You barely miss the ogre.
The ogre is lightly wounded.
You hit the ogre.
The ogre is moderately wounded.
The ogre hits you with a giant spiked club!!
Ouch! That really hurt!
You die...

##.# #.# #.#
#)# #.# #.# #.#
#.# #.#
#.##########.#
#.#....@O.....#
##.##########.#
##


You could see an ogre.

Vanquished Creatures
  An ogre (D:4)
  2 orc wizards (D:4)
  2 adders
  An ooze (D:4)
  A worm (D:3)
  5 dart slugs
  2 leopard geckos
  5 orcs
  5 giant cockroaches
  5 goblins
  6 hobgoblins
  4 kobolds
  A quokka (D:2)
  4 bats
  7 frilled lizards
  11 rats
62 creatures vanquished.

Notes
Turn   | Place    | Note
-------+----------+-------------------------------------------
     0 | D:1      | bli the Demonspawn Monk began the quest for the Orb.
     0 | D:1      | Reached XP level 1. HP: 18/18 MP: 1/1
   153 | D:1      | Gained mutation: You are immune to rotting. [demonic ancestry]
   153 | D:1      | Reached XP level 2. HP: 13/24 MP: 2/2
   716 | D:2      | Found an iron altar of Okawaru.
   839 | D:2      | Gained mutation: Your flesh is cold resistant. (rC+) [demonic ancestry]
   839 | D:2      | Reached XP level 3. HP: 27/29 MP: 3/3
  1423 | D:3      | Found a faded altar of an unknown god.
  1442 | D:3      | Became a worshipper of Warmaster Okawaru
  1442 | D:3      | Reached * piety under Okawaru
  1442 | D:3      | Reached ** piety under Okawaru
  1476 | D:3      | Gained mutation: You have sharp fingernails. [demonic ancestry]
  1476 | D:3      | Reached XP level 4. HP: 29/37 MP: 4/4
  1636 | D:3      | Reached *** piety under Okawaru
  2063 | D:4      | Noticed an ogre
  2074 | D:4      | Killed an ogre
  2074 | D:4      | Gained mutation: You are immune to freezing clouds. [demonic ancestry]
  2074 | D:4      | Reached XP level 5. HP: 36/43 MP: 5/5
  2093 | D:4      | Noticed an ogre
  2102 | D:4      | Mangled by an ogre

Skill      XL: |  1  2  3  4 |
---------------+-------------+-----
Dodging        | 3 |  3.8
Stealth        | 2 |  2.0
Axes           | 3 4 |  4.2
Fighting       | 4 |  4.4

Action                   |  1- 3 |  4- 6 || total
-------------------------+-------+-------++-------
Melee: Hand axe          |   120 |    51 ||   171
 Stab: Sleeping          |    10 |       ||    10
       Distracted        |     1 |     1 ||     2
  Eat: Chunk             |     2 |     2 ||     4
Armor: Robe              |    22 |     7 ||    29
Dodge: Dodged            |    82 |    35 ||   117
